 Dungeon Crawl Stone Soup version 0.29.1-2-gbd0b4ee654 (webtiles) character file.

Game seed: 9460134904971781666

19777 AlexRAT the Cleaver (level 12, -2/110 HPs)
             Began as a Minotaur Berserker on Nov 7, 2022.
             Was an Elder of Trog.
             Slain by a blink frog (14 damage)
             ... on level 3 of the Lair of Beasts.
             The game lasted 00:21:56 (13584 turns).

AlexRAT the Cleaver (Minotaur Berserker)           Turns: 13584, Time: 00:21:56

Health: -2/110     AC: 10    Str: 27    XL:     12   Next: 39%
Magic:  11/11      EV: 16    Int:  4    God:    Trog [****..]
Gold:   133        SH:  0    Dex: 16    Spells: 11/11 levels left

rFire   + . .      SeeInvis +   a - +7 whip of Plague {vorpal, rElec rPois SInv}
rCold   . . .      Faith    .   (no shield)
rNeg    . . .      Spirit   .   r - +1 ring mail {rF+}
rPois   +          Reflect  .   (helmet restricted)
rElec   +          Harm     .   (no cloak)
rCorr   .          Rampage  .   (no gloves)
Will    ++...                   g - +0 pair of boots
Stlth   +.........              (no amulet)
HPRegen 1.28/turn               H - +4 ring of slaying
MPRegen 0.12/turn               L - +6 ring of dexterity

@: strong-willed (expiring), on berserk cooldown, regenerating (expiring),
studying Axes
A: horns 2, retaliatory headbutt
a: Renounce Religion, Berserk, Trog's Hand, Brothers in Arms


You were on level 3 of the Lair of Beasts.
You worshipped Trog.
Trog was greatly pleased with you.
You visited 2 branches of the dungeon, and saw 14 of its levels.

You collected 805 gold pieces.
You spent 672 gold pieces at shops.

Inventory:

Hand Weapons
 a - the +7 whip of Plague (weapon) {vorpal, rElec rPois SInv}
   (You bought it in a shop on level 1 of the Dungeon)

   It inflicts extra damage upon your enemies.
   rElec:     It insulates you from electricity.
   rPois:     It protects you from poison.
   SInv:      It lets you see invisible.
 b - a +0 vorpal triple crossbow
 N - a +1 battleaxe of draining
Armour
 g - a +0 pair of boots (worn)
 o - a +0 scale mail
 r - a +1 ring mail of fire resistance (worn)
 y - a +0 animal skin
Jewellery
 e - a ring of ice
 G - a ring of magical power
 H - a +4 ring of slaying (left hand)
 L - a +6 ring of dexterity (right hand)
 M - a ring of see invisible
 P - a ring of fire
Wands
 u - a wand of flame (19)
 w - a wand of iceblast (13)
 K - a wand of acid (12)
Scrolls
 d - 2 scrolls of enchant armour
 h - 2 scrolls of poison
 i - a scroll of torment
 n - 5 scrolls of teleportation
 p - 2 scrolls of noise
 s - 2 scrolls of immolation
 t - a scroll of vulnerability
 x - 3 scrolls of fear
 C - 2 scrolls of identify
 D - a scroll of enchant weapon {unknown}
 I - 2 scrolls of amnesia {unknown}
Potions
 c - a potion of resistance {unknown}
 f - 4 potions of curing {unknown}
 j - 4 potions of attraction {unknown}
 k - 5 potions of brilliance {unknown}
 l - 6 potions of haste {unknown}
 m - 4 potions of flight {unknown}
 q - 2 potions of mutation {unknown}
 z - 2 potions of ambrosia {unknown}
 A - 2 potions of might {unknown}
 B - 2 potions of lignification {unknown}
 E - 2 potions of cancellation {unknown}
 F - a potion of berserk rage {unknown}
 J - a potion of magic {unknown}
 O - 2 potions of heal wounds


   Skills:
 + Level 11.4 Fighting
 + Level 12.7 Axes
 * Level 11.5 Ranged Weapons
 + Level 11.0 Armour
 + Level 10.2 Dodging


You had 11 spell levels left.
You didn't know any spells.
Your spell library was empty.

Dungeon Overview and Level Annotations

Branches:
Dungeon (11/15)            Temple (0/1) D:5            Lair (3/5) D:8
  Swamp (0/4) Lair:2        Snake (0/4) Lair:2          Orc (0/2) D:10

Altars:
Ashenzari
Sif Muna
Trog
Vehumet
Zin

Shops:
D:1 (   D:5 *(   D:6 *   D:8 (

Annotations:
D:9 3 runed translucent doors, westolus's ghost, novice FeSu


Innate Abilities, Weirdness & Mutations

You have a pair of horns on your head.
You reflexively headbutt those who attack you in melee.


Message History

The blink frog blinks!
The polar bear closely misses you.
The polar bear claws you but does no damage.
The polar bear claws you.
You completely miss the polar bear.
The polar bear is heavily wounded.
The blink frog misses you. You furiously retaliate!
You headbutt the blink frog! The blink frog closely misses you.
You furiously retaliate!
You headbutt the blink frog. You whack the polar bear!
The polar bear is severely wounded.
The polar bear goes berserk!
The blink frog closely misses you. You furiously retaliate!
You headbutt the blink frog! You hit the polar bear.
You headbutt the polar bear, but do no damage.
The polar bear is almost dead.
The polar bear closely misses you. You furiously retaliate!
You headbutt the polar bear, but do no damage.
The polar bear completely misses you. The polar bear closely misses you.
The blink frog blinks!
The blink frog closely misses you. You furiously retaliate!
You headbutt the blink frog!
You hit the polar bear but do no damage.
You headbutt the polar bear, but do no damage.
The polar bear is almost dead.
You feel the effects of Trog's Hand fading.
The blink frog hits you! The polar bear bites you!!
* * * LOW HITPOINT WARNING * * *
The polar bear misses you. The polar bear claws you.
* * * LOW HITPOINT WARNING * * *
The blink frog misses you.
You hit the polar bear but do no damage.
You headbutt the polar bear!
You kill the polar bear!
Trog accepts your kill. The blink frog closely misses you.
The blink frog hits you but does no damage.
You thrash the blink frog!!
You kill the blink frog!
Trog accepts your kill. The blink frog hits you!
You die...

**,...P##**,..,*,,.,........
*,,.F....,*,..*,,..,##.#....
**,,..#..,##.,##.!.,,,***,,,
*,,,,,[..##.##....,,,****,,,
**,,,**#..8.#..#**,*,**,8,**
**,,,,*#.....#,,,,,,,,,,,,,,
*,,,,,,#8.<..+,,,8,,,,,,>,8*
**,,,*,#..§.F#,,,,,,,,,,,,,,
*,,,,*,##.8@.#,,**,*,*,,8,*,
*,,,,,,,#..†##*,,,,,,******,
**,,,,...F...,,**+***,,,,,,,
*,,,.........#*,,,,,*,,,,,,,
**,,.........#,*,,,,,*,,,,,,
*,*#..#.....#,*,,,*,,,,,,,,
**,,##########,,,8,*,*,,,,,,
*,,***,,******,,,,,*,,,,*,,,
*,,*,,,,,,,,,*,*,,,,,,,,*,,,


You could see 2 blink frogs.

Vanquished Creatures
  A hydra (Lair:1)
  2 two-headed ogres (D:9)
  Pikel (D:8)
  A bog body (Lair:2)
  A cyclops (D:10)
  2 elephants (Lair:3)
  8 black mambas (Lair:2)
  4 cane toads
  3 komodo dragons
  A kobold demonologist (D:11)
  A troll (D:10)
  A hornet (D:8)
  3 polar bears
  13 blink frogs
  2 shadows
  12 yaks
  2 wyverns
  A steam dragon (D:10)
  3 basilisks
  Menkaure (D:4)
  16 water moccasins
  An orc warrior (D:8)
  An ice beast (D:6)
  4 black bears
  3 centaurs
  2 ogres
  A lemure (D:8)
  A necrophage (D:7)
  6 bullfrogs
  5 scorpions
  7 wights
  5 killer bees (D:9)
  A howler monkey (D:10)
  3 hounds
  5 jellies
  6 orc priests
  Ijyb (D:3)
  5 iguanas
  12 orc wizards
  6 adders
  3 shadow imps
  4 white imps
  An ufetubus (D:4)
  A worm (D:5)
  2 dart slugs (D:1)
  32 orcs
  6 ball pythons
  6 endoplasms
  2 giant cockroaches (D:1)
  8 goblins
  3 hobgoblins
  7 kobolds
  3 quokkas
  13 bats
  3 frilled lizards
  4 rats
252 creatures vanquished.

Vanquished Creatures (others)
  14 fungi
  25 plants
39 creatures vanquished.

Grand Total: 291 creatures vanquished

Notes
Turn   | Place    | Note
-------+----------+-------------------------------------------
     0 | D:1      | AlexRAT the Minotaur Berserker began the quest for the Orb.
     0 | D:1      | Reached XP level 1. HP: 19/19 MP: 0/0
   171 | D:1      | Reached XP level 2. HP: 16/27 MP: 1/1
   314 | D:1      | Found Ziunaygeem's Weapon Emporium.
   564 | D:1      | Reached skill level 4 in Axes
   640 | D:1      | Found a faded altar of an unknown god.
  1222 | D:2      | Reached XP level 3. HP: 33/33 MP: 2/2
  1952 | D:3      | Reached XP level 4. HP: 41/41 MP: 3/3
  1955 | D:3      | Reached XP level 5. HP: 47/47 MP: 4/4
  2086 | D:3      | Reached ** piety under Trog
  2190 | D:3      | Noticed Ijyb
  2198 | D:3      | Killed Ijyb
  2352 | D:3      | Noticed Sigmund
  2355 | D:3      | Noticed Sigmund
  2355 | D:3      | Sigmund changed into Sigmund the jelly
  2358 | D:3      | Killed Sigmund the jelly
  2570 | D:4      | Noticed Menkaure
  2578 | D:4      | Killed Menkaure
  2579 | D:4      | Reached skill level 5 in Fighting
  2579 | D:4      | Reached skill level 5 in Axes
  2579 | D:4      | Reached XP level 6. HP: 21/56 MP: 5/5
  3079 | D:4      | Found a bloodstained altar of Trog.
  3180 | D:4      | Reached skill level 5 in Armour
  3180 | D:4      | Reached XP level 7. HP: 61/62 MP: 6/6
  3182 | D:4      | Found a shimmering blue altar of Sif Muna.
  3365 | D:4      | Reached skill level 6 in Axes
  3535 | D:4      | Reached skill level 5 in Dodging
  3847 | D:5      | Entered Level 5 of the Dungeon
  3880 | D:5      | Found a staircase to the Ecumenical Temple.
  4210 | D:5      | Reached *** piety under Trog
  4331 | D:5      | Found a broken altar of Ashenzari.
  4358 | D:5      | Found Misiuxt's Weapon Shoppe.
  4489 | D:5      | Reached XP level 8. HP: 71/71 MP: 7/7
  4570 | D:5      | Found Ciubadoo's Overcharged Wands.
  5338 | D:6      | Found Puajiyno's Gadget Gallery.
  5664 | D:6      | Reached skill level 7 in Axes
  6009 | D:7      | Reached skill level 1 in Ranged Weapons
  6013 | D:7      | Found a radiant altar of Vehumet.
  6707 | D:7      | Reached XP level 9. HP: 57/78 MP: 8/8
  7065 | D:8      | Found Uckob's Weapon Shop.
  7117 | D:8      | Found a staircase to the Lair.
  7125 | D:8      | Reached skill level 8 in Axes
  7340 | D:8      | Reached skill level 5 in Ranged Weapons
  7565 | D:8      | Noticed Pikel
  7579 | D:8      | Killed Pikel
  8379 | D:9      | Reached XP level 10. HP: 90/90 MP: 9/9
  8395 | D:9      | Noticed a two-headed ogre
  8402 | D:9      | Killed a two-headed ogre
  8632 | D:9      | Found a runed translucent gate.
  8632 | D:9      | Found a runed translucent gate.
  8633 | D:9      | Found a runed translucent gate.
  8634 | D:9      | Noticed westolus's ghost (novice FeSu)
  8715 | D:9      | Reached skill level 9 in Axes
  9121 | D:9      | Noticed a two-headed ogre
  9129 | D:9      | Killed a two-headed ogre
  9544 | D:10     | Entered Level 10 of the Dungeon
  9554 | D:10     | Reached **** piety under Trog
 10079 | D:10     | Found a glowing silver altar of Zin.
 10124 | D:10     | Noticed a cyclops
 10126 | D:10     | Killed a cyclops
 10200 | D:10     | Found a staircase to the Orcish Mines.
 10484 | D:11     | Noticed a red ugly thing
 10485 | D:11     | Noticed a sun demon
 10545 | D:11     | Noticed an orange demon
 10625 | Lair:1   | Entered Level 1 of the Lair of Beasts
 10726 | Lair:1   | Noticed a cane toad
 10728 | Lair:1   | Killed a cane toad
 10798 | Lair:1   | Identified a scroll of acquirement
 10799 | Lair:1   | Acquired a manual of Axes
 10856 | Lair:1   | Reached XP level 11. HP: 99/99 MP: 10/10
 10893 | Lair:1   | Reached skill level 10 in Axes
 10896 | Lair:1   | Reached skill level 10 in Fighting
 11050 | Lair:1   | Noticed a seven-headed hydra
 11057 | Lair:1   | Killed a nine-headed hydra
 12003 | D:1      | Bought the +7 whip of Plague {vorpal, rElec rPois SInv} for
                  | 672 gold pieces
 12345 | Lair:2   | Reached skill level 11 in Axes
 12407 | Lair:2   | Reached skill level 10 in Armour
 12534 | Lair:2   | Found a staircase to the Swamp.
 12536 | Lair:2   | Noticed a bog body
 12538 | Lair:2   | Killed a bog body
 12539 | Lair:2   | Reached skill level 10 in Ranged Weapons
 12602 | Lair:2   | Found a staircase to the Snake Pit.
 12953 | Lair:2   | Reached XP level 12. HP: 96/110 MP: 11/11
 13007 | Lair:2   | Reached skill level 12 in Axes
 13265 | Lair:2   | Reached skill level 10 in Dodging
 13584 | Lair:3   | Slain by a blink frog

Illustrated notes

Levels and vault maps discovered:
D:1:      kennysheep_arrival_seaside, layout_loops_ring, serial_shops, shop,
          shapermc_ecumenical_altar_totnotflames, minmay_misc_feat_plants
D:2:      layout_loops_ring
D:3:      layout_rooms, uniq_sigmund, uniq_ijyb
D:4:      layout_gridville, trog_three_pillars_becter, kennysheep_mini_moat,
          uniq_menkaure
D:5:      layout_cave_pods, ashenzari_altar_1, temple_green, serial_shops, shop,
          nicolae_shop_overcharged_wands
D:6:      layout_basic, nicolae_shop_gadgets
D:7:      layout_gridville, mainiacjoe_overflow_boulevard
D:8:      layout_loops_corners, grunt_lair_entry_orc_guard_hut, serial_shops,
          shop, st_stairs_8, kennysheep_generic_room_10, uniq_pikel
D:9:      layout_irregular_city, gammafunk_ghost_nasty_kobolds
D:10:     minmay_inner_zag, layout_basic, old_standard_altar, roderic_batcave
D:11:     layout_irregular_city, minmay_fractal_squares_gapless_5
Lair:1:   layout_gridlike
Lair:2:   layout_gridlike, skrybe_swamp_entry_bodies,
          minmay_snake_entry_six_corridors
Lair:3:   mu_elephants_graveyard, layout_regular_city, gauntlet_entry_generic,
          grunt_megastairs_1

Skill      XL: |  1  2  3  4  5  6  7  8  9 10 11 12 |
---------------+-------------------------------------+-----
Axes           | 4 5 6 7 8 9 11 12 | 12.7
Fighting       | 4 5 6 7 8 9 11 | 11.4
Armour         | 3 4 5 6 7 8 9 10 11 | 11.0
Dodging        | 3 4 5 6 7 8 9 10 | 10.2
Ranged Weapons | 3 6 8 10 11 | 11.5

Action                   |  1- 3 |  4- 6 |  7- 9 | 10-12 || total
-------------------------+-------+-------+-------+-------++-------
Melee: Hand axe          |    76 |    59 |   143 |       ||   278
       Headbutt          |     4 |    11 |    35 |    46 ||    96
       Punch             |     1 |       |     1 |     4 ||     6
       Unarmed           |       |     4 |       |       ||     4
       Battleaxe         |       |       |    61 |    77 ||   138
       Whip              |       |       |       |   100 ||   100
 Fire: Triple crossbow   |       |       |    45 |   111 ||   156
Invok: Berserk           |     1 |     1 |     6 |     3 ||    11
       Trog's Hand       |       |       |       |     1 ||     1
Evoke: Wand              |       |     2 |       |       ||     2
  Use: Scroll            |       |       |     7 |     7 ||    14
Armor: Animal skin       |    10 |       |       |       ||    10
       Scale mail        |     5 |    19 |       |       ||    24
       Ring mail         |       |     7 |    75 |    60 ||   142
Dodge: Dodged            |    45 |    39 |   135 |   195 ||   414
